 Dungeon Crawl Stone Soup version 0.31-a0-832-g3a2c1c66ba (webtiles) character file.

Game seed: 75987497257911598

276 Ivernyr the Changeling (level 6, -4/32 HPs)
             Began as a Vine Stalker Shapeshifter on Sept 25, 2023.
             Slain by Grinder (8 damage)
             ... on level 4 of the Dungeon.
             The game lasted 00:05:31 (2836 turns).

Ivernyr the Changeling (Vine Stalker Shapeshifter)  Turns: 2836, Time: 00:05:32

Health: -4/32      AC:  2    Str: 18    XL:     6   Next: 25%
Magic:  0/7        EV: 12    Int: 10    God:
Gold:   240        SH:  0    Dex: 14    Spells: 5/5 levels left

rFire   + .          .
                       - Unarmed
rCold   + . .        (no shield)
rNeg    . . .        a - +0 animal skin
rPois   .            (helmet currently unavailable)
rElec   .            (cloak currently unavailable)
rCorr   .            (gloves currently unavailable)
SInv    .            (boots currently unavailable)
Will    .....        (no amulet)
Stlth   +            f - ring of protection from cold
HPRegen 1.05/turn    h - ring of protection from fire
MPRegen 0.10/turn

%: guardian spirit
@: beast-form
A: beast (slay +2), fangs 2, regeneration 1, magic shield, antimagic bite, no
potion heal 2
a: Begin Untransformation


You were on level 4 of the Dungeon.
You were a hulking beast.
You visited 1 branch of the dungeon, and saw 5 of its levels.

You collected 240 gold pieces.

Inventory:

Armour
 a - a +0 animal skin (worn)
Jewellery
 f - a ring of protection from cold (left hand)
 h - a ring of protection from fire (right hand)
 s - a ring of ice
Talismans
 c - a beast talisman (active)
 d - a flux talisman
 e - a blade talisman
Scrolls
 g - 2 scrolls of immolation {unknown}
 j - 4 scrolls of identify {unknown}
 k - a scroll of teleportation {unknown}
 m - a scroll of fear {unknown}
 o - a scroll of fog {unknown}
 q - a scroll of noise {unknown}
 t - 3 scrolls of brand weapon {unknown}
 u - 3 scrolls of amnesia {unknown}
Potions
 b - 2 potions of lignification
 i - a potion of might {unknown}
 l - a potion of ambrosia {unknown}
 n - a potion of curing {unknown}
 p - a potion of heal wounds {unknown}
 r - 2 potions of cancellation {unknown}


   Skills:
 + Level 2.4 Fighting
 + Level 2.7 Dodging
 + Level 4.0 Unarmed Combat
 * Level 4.6 Shapeshifting


You had 5 spell levels left.
You didn't know any spells.
Your spell library contained the following spells:

 Spells                   Type           Power      Damage    Failure   Level
 Ignite Poison            Fire/Tmut/Pois 0%         N/A       75%         3
 Sticky Flame             Conj/Fire      0%         2d3       98%         4
 Ignition                 Fire           0%         3d3       100%        8


Dungeon Overview and Level Annotations

Branches:
Dungeon (5/15)
 Temple: D:4-7

Altars:

Annotations:
D:4 Grinder


Innate Abilities, Weirdness & Mutations

You are a hulking beast.
Your limbs bulge with bestial killing power. (Slay +2)
You have extremely sharp teeth.
Your natural rate of healing is unusually fast.
When hurt, damage is shared between your health and your magic reserves.
Your bite disrupts and absorbs the magic of your enemies.
Potions cannot restore your health.


Message History

What level of the Dungeon? (default 3, ? - help)
There is an open door here.
There is an open door here.
There is a large open door here.
You see here a ring of wizardry.
There is a stone staircase leading down here.
You climb downwards.
There is a stone staircase leading up here.
Grinder comes into view.
Grinder shouts!
Grinder blinks!
Grinder gestures at you.
You suddenly lose the ability to move!
Grinder grins, showing sharp teeth.
Grinder gestures at you. Pain shoots through your body!
You can move again.
Grinder hits you.
You writhe in agony.
You barely miss Grinder. Grinder completely misses you.
You hit Grinder. You bite Grinder.
Grinder's magic leaks into the air.
You drain her magic.
You feel invigorated.
Grinder is lightly wounded.
You hit Grinder but do no damage. You bite Grinder.
Grinder's magic leaks into the air.
You drain her magic.
You feel invigorated.
Grinder is moderately wounded.
Grinder hits you.
You writhe in agony.
You hit Grinder. Your bite misses Grinder.
Grinder is moderately wounded.
Grinder hits you!
You writhe in agony.
* * * LOW HITPOINT WARNING * * *
You hit Grinder.
Grinder is heavily wounded.
Grinder says, "Mostly I couldn't keep them alive."
Grinder hits you!
* * * LOW HITPOINT WARNING * * *
You punch Grinder! Your bite misses Grinder.
Grinder is severely wounded.
Grinder hits you!
You die...
Grinder says, "Now the real fun starts!"

................#
#######.#########
#.# ##.## #
##...##
#.#.....##
#........#
#.#....5##
........h#
###.###.#.#
#######.# ###.#
#.......# #.# #>#
#.# #.# #.# #.#
#.# #.# #.#
####.# #.#


You could see Grinder (magic disrupted).

Vanquished Creatures
  2 orc priests (D:3)
  A hound (D:5)
  An iguana (D:5)
  7 adders
  A dart slug (D:3)
  6 orcs
  4 ball pythons
  9 endoplasms
  2 giant cockroaches
  10 goblins
  6 hobgoblins
  6 jackals (D:2)
  5 quokkas
  6 bats
  4 frilled lizards (D:1)
  11 kobolds
  10 rats
91 creatures vanquished.

Notes
Turn   | Place    | Note
-------+----------+-------------------------------------------
     0 | D:1      | Ivernyr the Vine Stalker Shapeshifter began the quest for
                  | the Orb.
     0 | D:1      | Reached XP level 1. HP: 9/9 MP: 2/2
    28 | D:1      | Reached skill level 1 in Fighting
   121 | D:1      | Reached XP level 2. HP: 5/14 MP: 0/3
   342 | D:1      | Reached XP level 3. HP: 18/18 MP: 4/4
   945 | D:2      | Reached XP level 4. HP: 9/22 MP: 1/5
  1417 | D:2      | Identified the +9 spear of Odiwn {freeze, Contam +Blink
                  | rF++ Stlth+}
  1716 | D:3      | Reached XP level 5. HP: 9/26 MP: 1/6
  1843 | D:3      | You fall into a shaft and drop 2 floors!
  1843 | D:5      | Entered Level 5 of the Dungeon
  1935 | D:5      | Reached XP level 6. HP: 24/31 MP: 5/7
  2823 | D:4      | Noticed Grinder
  2827 | D:4      | Paralysed by Grinder for 2 turns
  2836 | D:4      | Slain by Grinder

Illustrated notes

Levels and vault maps discovered:
D:1:      mrwooster_arrival_statue_3, layout_basic, minmay_liquid_box,
          minmay_cut_off
D:2:      layout_loops_corners
D:3:      layout_basic
D:4:      layout_loops_ring, grunt_tough_drop, uniq_grinder
D:5:      layout_cave_pools, portal_sewer_entry_c

Skill      XL: |  1  2  3  4  5  6 |
---------------+-------------------+-----
Fighting       | 1 2 |  2.4
Dodging        | 2 |  2.7
Shapeshifting  | 4 |  4.6
Unarmed Combat | 4 |  4.0

Action                     |  1- 3 |  4- 6 || total
---------------------------+-------+-------++-------
  Melee: Unarmed           |    89 |   144 ||   233
         Bite              |    19 |    39 ||    58
         Punch             |       |     4 ||     4
   Stab: Sleeping          |     1 |     1 ||     2
 Armour: Animal skin       |    52 |    77 ||   129
  Dodge: Dodged            |    50 |    82 ||   132

Table legend: (Time is in decaauts)
 A = Elapsed time spent in this place.
 B = Non-inter-level travel time spent in this place.
 C = Inter-level travel time spent in this place.
 D = Time resting spent in this place.
 E = Time spent auto-exploring this place.
 F = Levels seen in this place.
 G = Mean time per level.
                   A        B        C        D        E       F      G
               +--------+--------+--------+--------+--------+-----+--------+
         Total |   2820 |   2721 |     99 |     47 |   2083 |   5 |  564.0 |
       Dungeon |   2820 |   2721 |     99 |     47 |   2083 |   5 |  564.0 |
               +--------+--------+--------+--------+--------+-----+--------+

Top non-repeatable levels by time:
     D:2: 870 daAuts
     D:1: 805 daAuts
     D:3: 770 daAuts
     D:4: 227 daAuts
     D:5: 146 daAuts
